 Dungeon Crawl Stone Soup version 0.29.1-12-g30fa7ad0bf (webtiles) character file.

Game seed: 13244359760321893832

65 zeram the Shooter (level 3, -4/20 HPs)
             Began as a Deep Elf Hunter on Dec 30, 2022.
             Slain by Terence
             ... wielding a +0 short sword
              (7 damage)
             ... on level 2 of the Dungeon.
             The game lasted 00:02:38 (1688 turns).

zeram the Shooter (Deep Elf Hunter)                 Turns: 1688, Time: 00:02:38

Health: -4/20      AC:  3    Str:  8    XL:     3   Next: 92%
Magic:  5/5        EV: 12    Int: 15    God:
Gold:   166        SH:  0    Dex: 18    Spells: 2/2 levels left

rFire   . . .      SeeInvis .   a - +1 shortbow
rCold   . . .      Faith    .   (shield currently unavailable)
rNeg    . . .      Spirit   .   c - +0 leather armour
rPois   .          Reflect  .   (no helmet)
rElec   .          Harm     .   (no cloak)
rCorr   .          Rampage  .   (no gloves)
Will    .....                   (no boots)
Stlth   ++........              (no amulet)
HPRegen 0.06/turn               (no ring)
MPRegen 0.09/turn               (no ring)

@: no status effects
A: no striking features
a: no special abilities


You were on level 2 of the Dungeon.
You visited 1 branch of the dungeon, and saw 2 of its levels.

You collected 166 gold pieces.

Inventory:

Hand Weapons
 a - a +1 shortbow (weapon)
Armour
 c - a +0 leather armour (worn)
Jewellery
 d - a ring of resist corrosion
 g - a ring of willpower
 i - a +6 ring of strength
 l - a ring of poison resistance
 m - a ring of see invisible
Scrolls
 b - 2 scrolls of immolation
 e - a scroll of blinking {unknown}
 n - a scroll of identify {unknown}
 o - a scroll of fog
Potions
 f - 2 potions of might {unknown}
 h - a potion of curing {unknown}
 j - a potion of attraction {unknown}
 k - 2 potions of degeneration {unknown}


   Skills:
 - Level 1.5 Fighting
 + Level 6.8 Ranged Weapons
 * Level 1.1 Armour
 + Level 2.8 Dodging
 - Level 1.2 Stealth


You had 2 spell levels left.
You didn't know any spells.
Your spell library was empty.

Dungeon Overview and Level Annotations

Branches:
Dungeon (2/15)

Altars:

Annotations:
D:2 Terence


Message History

Terence is moderately wounded.
Terence hits you but does no damage.
Terence is nearby!
Terence is nearby!
You shoot an arrow.
The arrow hits Terence but does no damage.
Terence is moderately wounded.
Terence barely misses you.
You shoot an arrow. The arrow hits Terence.
Terence is moderately wounded.
Terence misses you.
Terence is nearby!
You shoot an arrow. The arrow hits Terence!
Terence is heavily wounded.
Terence barely misses you.
You shoot an arrow. The arrow closely misses Terence.
Terence hits you with a +0 short sword.
You shoot an arrow. The arrow hits Terence.
Terence is severely wounded.
Terence hits you with a +0 short sword.
* * * LOW HITPOINT WARNING * * *
Terence hits you with a +0 short sword.
* * * LOW HITPOINT WARNING * * *
You are too injured to fight recklessly!
You are too injured to fight recklessly!
You are too injured to fight recklessly!
You are too injured to fight recklessly!
You are too injured to fight recklessly!
You are too injured to fight recklessly!
You are too injured to fight recklessly!
Terence asks, "Do you want it fast or slow?"
Terence attacks as you move away! Terence misses you.
Terence shouts, "DIE!!!"
Terence attacks as you move away! Terence closely misses you.
Terence looks scornfully at you.
Okay, then.
Okay, then.
Terence attacks as you move away! Terence barely misses you.
Terence attacks as you move away! Terence hits you with a +0 short sword!
You die...

#.# #.# #.# #.# #.#
#.###### ####
#......# ...#
##..###.########
##.###...##.....@@.(#
##.##.....#..######.#
.............# #.#
##.####..###.# ##.###
...####..# #.# #....#
......#..###.# ##.#.#
.###.........# ###.#
.#.#.....##### #.#
#.##......## #.#


You could see Terence.

Vanquished Creatures
  An adder (D:2)
  2 dart slugs (D:2)
  8 ball pythons
  2 bats
  3 endoplasms
  4 giant cockroaches
  6 goblins
  5 hobgoblins
  4 kobolds
  3 quokkas
  A frilled lizard (D:1)
  4 rats
43 creatures vanquished.

Notes
Turn   | Place    | Note
-------+----------+-------------------------------------------
     0 | D:1      | zeram the Deep Elf Hunter began the quest for the Orb.
     0 | D:1      | Reached XP level 1. HP: 12/12 MP: 3/3
   145 | D:1      | Reached XP level 2. HP: 16/16 MP: 4/4
   292 | D:1      | Reached skill level 6 in Ranged Weapons
   755 | D:1      | Reached XP level 3. HP: 20/20 MP: 5/5
  1039 | D:2      | Reached skill level 1 in Armour
  1667 | D:2      | Noticed Terence
  1688 | D:2      | Slain by Terence

Illustrated notes

Levels and vault maps discovered:
D:1:      giann_wishing_wells, layout_loops_ring
D:2:      layout_loops_corners, minmay_vboxes, uniq_terence

Skill      XL: |  1  2  3 |
---------------+----------+-----
Ranged Weapons | 6 |  6.8
Armour         | 1 |  1.1
Fighting       | |  1.5
Dodging        | |  2.8
Stealth        | |  1.2

Action                   || total
-------------------------++-------
 Fire: Shortbow          ||   112
  Use: Scroll            ||     5
Armor: Leather armour    ||    12
Dodge: Dodged            ||    38
